 Dungeon Crawl Stone Soup version 0.30-a0-626-gd6a5dd7a1f (webtiles) character file.

Game seed: 1845849450208552537

42 Caratheodory the Trooper (level 3, -1/26 HPs)
             Began as an Octopode Cinder Acolyte on Jan 11, 2023.
             Was a High Priest of Ignis.
             Slain by a kobold
             ... wielding a +0 short sword of electrocution
              (13 damage)
             ... on level 2 of the Dungeon.
             The game lasted 00:02:28 (947 turns).

Caratheodory the Trooper (Octopode Cinder Acolyte)   Turns: 947, Time: 00:02:29

Health: -1/26      AC:  8    Str: 13    XL:     3   Next: 56%
Magic:  4/4        EV: 12    Int: 18    God:    Ignis [*****.]
Gold:   78         SH:  0    Dex:  7    Spells: 4/4 levels left

rFire   + . .      SeeInvis .      - Unarmed
rCold   . . .      Faith    .    (no shield)
rNeg    . . .      Spirit   .    (helmet restricted)
rPois   .          Reflect  .    (no amulet)
rElec   .          Harm     .    (no ring)
rCorr   .          Rampage  .    (no ring)
Will    .....                    (no ring)
Stlth   ++                       (no ring)
HPRegen 0.24/turn                (no ring)
MPRegen 0.09/turn                (no ring)
                                 (no ring)
                                 (no ring)

@: fiery-armoured
A: almost no armour, amphibious, 8 rings, camouflage 1, gelatinous body 1,
(nimble swimmer 1), tentacles
a: Renounce Religion, Fiery Armour, Foxfire Swarm, Rising Flame


You were on level 2 of the Dungeon.
You worshipped Ignis.
Ignis was extremely pleased with you.
You visited 1 branch of the dungeon, and saw 2 of its levels.

You collected 78 gold pieces.

Inventory:

Armour
 i - a +0 buckler
Scrolls
 b - 3 scrolls of summoning {unknown}
 c - 2 scrolls of teleportation {unknown}
 d - a scroll of blinking {unknown}
 e - 4 scrolls of identify {unknown}
 g - a scroll of amnesia {unknown}
 h - a scroll of brand weapon {unknown}
 j - a scroll of magic mapping {unknown}
Potions
 a - a potion of degeneration {unknown}
 f - a potion of attraction {unknown}


   Skills:
 + Level 3.5 Fighting
 + Level 1.4 Dodging
 + Level 0.6 Shields
 + Level 3.4 Unarmed Combat
 - Level 1.0 Spellcasting
 - Level 3.0 Fire Magic


You had 4 spell levels left.
You didn't know any spells.
Your spell library contained the following spells:

 Spells                   Type           Power      Damage    Failure   Level
 Scorch                   Fire           22%        2d6       9%          2


Dungeon Overview and Level Annotations

Branches:
Dungeon (2/15)

Altars:


Innate Abilities, Weirdness & Mutations

You cannot wear most types of armour.
You are amphibious.
You can wear up to eight rings at the same time.
Your skin changes colour to match your surroundings (Stealth+).
Your rubbery body absorbs attacks. (AC +1, EV +1)
((You are camouflaged when in or above water. (Stealth+)))
You have tentacles for arms and can constrict up to eight enemies at once.


Message History

There is a stone staircase leading up here.
The adder closely misses you.
You tentacle-slap the adder. Your grab misses the adder.
Your squeeze misses the adder.
The adder is heavily wounded.
The adder barely misses you.
You closely miss the adder. Your grab misses the adder.
The adder is heavily wounded.
The adder bites you.
You barely miss the adder. You grab the adder.
The adder is heavily wounded.
You constrict the adder. The adder barely misses you.
You tentacle-slap the adder.
Your tentacle-slap misses the adder.
Your squeeze misses the adder.
The adder is severely wounded.
You constrict the adder. The adder bites you. x2
You are poisoned.
The adder poisons you!
You tentacle-slap the adder. You squeeze the adder.
You kill the adder!
You feel sick.
An adder comes into view.
The adder bites you.
You closely miss the adder.
The adder hisses angrily.
You grab the adder. You constrict the adder.
You feel sick. The adder barely misses you.
You tentacle-slap the adder.
The adder is heavily wounded.
You constrict the adder.
You feel sick. The adder bites you.
A protective cloak of flame settles atop you.
You constrict the adder.
You kill the adder!
You feel sick.
Your cloak of flame flares fiercely!
You feel sick.
You are no longer poisoned.
A giant cockroach comes into view.
The kobold hits you but does no damage.
You are electrocuted!
Ouch! That really hurt!
You die...

~..# ###
..# #.##.##
# #.#...#.#
#.......#
#...>...#
###.##.#.##
####...#
.S.
#.@K<..#
#....
#.##...#
..##.# #.
##S...B...
. #.
#.......#K
#.
##.###.....
#. #.# . #.
#.# #. .#


You could see an adder, a giant cockroach (wandering) and a kobold.

Vanquished Creatures
  2 adders (D:2)
  4 ball pythons (D:1)
  3 endoplasms (D:1)
  3 giant cockroaches (D:1)
  A goblin (D:1)
  3 hobgoblins (D:1)
  2 bats (D:1)
  A frilled lizard (D:1)
  2 kobolds (D:1)
  3 rats (D:1)
24 creatures vanquished.

Vanquished Creatures (others)
  A fungus (D:1)
1 creature vanquished.

Grand Total: 25 creatures vanquished

Notes
Turn   | Place    | Note
-------+----------+-------------------------------------------
     0 | D:1      | Caratheodory the Octopode Cinder Acolyte began the quest
                  | for the Orb.
     0 | D:1      | Reached XP level 1. HP: 16/16 MP: 2/2
   151 | D:1      | Reached XP level 2. HP: 14/21 MP: 3/3
   331 | D:1      | Reached skill level 1 in Dodging
   753 | D:1      | Reached XP level 3. HP: 26/26 MP: 4/4
   947 | D:2      | Slain by a kobold

Illustrated notes

Levels and vault maps discovered:
D:1:      ncdulo_wetmaze, layout_basic, dreamdust_mushroom_princess
D:2:      layout_loops_cross, nicolae_ecumenical_snake_handling,
          amcnicky_mini_pool_small, minmay_stone_trees_small,
          grunt_decor_one_mirror

Skill      XL: |  1  2 |
---------------+-------+-----
Dodging        | 1 |  1.4
Fighting       | |  3.5
Shields        | |  0.6
Unarmed Combat | |  3.4
Spellcasting   | |  1.0
Fire Magic     | |  3.0

Action                   || total
-------------------------++-------
Melee: Unarmed           ||    59
       Constrict         ||    17
       Tentacles         ||     9
       Punch             ||     2
Invok: Fiery Armour      ||     2
 Stab: Sleeping          ||     4
Armor: Skin              ||     3
Dodge: Dodged            ||    28

Table legend: (Time is in decaauts)
 A = Elapsed time spent in this place.
 B = Non-inter-level travel time spent in this place.
 C = Inter-level travel time spent in this place.
 D = Time resting spent in this place.
 E = Time spent auto-exploring this place.
 F = Levels seen in this place.
 G = Mean time per level.
                   A        B        C        D        E       F      G
               +--------+--------+--------+--------+--------+-----+--------+
         Total |    943 |    892 |     51 |      0 |    707 |   2 |  471.5 |
       Dungeon |    943 |    892 |     51 |      0 |    707 |   2 |  471.5 |
               +--------+--------+--------+--------+--------+-----+--------+

Top non-repeatable levels by time:
     D:1: 917 daAuts
     D:2: 25 daAuts
